 Dungeon Crawl Stone Soup version 0.28-a0-1227-ga9037bb4c8 (webtiles) character file.

Game seed: 7030508363862188483

4 Lavandula the Ruffian (level 1, -1/15 HPs)
             Began as a Formicid Transmuter on Dec 22, 2021.
             Slain by a ball python (2 damage)
             ... on level 1 of the Dungeon.
             The game lasted 00:01:03 (413 turns).

Lavandula the Ruffian (Formicid Transmuter)          Turns: 413, Time: 00:01:04

Health: -1/15      AC:  2    Str: 14    XL:     1   Next: 66%
Magic:  3/3        EV: 12    Int: 12    God:
Gold:   19         SH:  0    Dex: 11    Spells: 3/4 levels left

rFire   . . .      SeeInvis +     - Unarmed
rCold   . . .      Faith    .   (no shield)
rNeg    . . .      Spirit   .   a - +0 robe
rPois   .          Reflect  .   (helmet unavailable)
rElec   .          Harm     .   (no cloak)
rCorr   .          Rampage  .   (no gloves)
Will    .....                   (no boots)
Stlth   +.........              (no amulet)
HPRegen 0.05/turn               (no ring)
MPRegen 0.08/turn               (no ring)

@: no status effects
A: permanent stasis, dig shafts and tunnels, antennae 3, four strong arms
a: Dig, Shaft Self


You were on level 1 of the Dungeon.
You visited 1 branch of the dungeon, and saw 1 of its levels.

You collected 19 gold pieces.

Inventory:

Armour
 a - a +0 robe (worn)


   Skills:
 - Level 1.1 Fighting
 - Level 1.7 Dodging
 + Level 3.3 Unarmed Combat
 - Level 2.1 Spellcasting
 - Level 2.1 Transmutations


You had 3 spell levels left.
You knew the following spells:

 Your Spells              Type           Power      Damage    Failure   Level
a - Beastly Appendage     Tmut           12%        N/A       11%         1

Your spell library contained the following spells:

 Spells                   Type           Power      Damage    Failure   Level
 Wereblood                Tmut           6%         N/A       17%         2
 Spider Form              Tmut/Pois      3%         N/A       45%         3
 Ice Form                 Ice/Tmut       3%         N/A       86%         4


Dungeon Overview and Level Annotations

Branches:
Dungeon (1/15)

Altars:


Innate Abilities, Weirdness & Mutations

You cannot be hasted, slowed, berserked, paralysed or teleported.
You can dig through walls and to a lower floor.
You have a pair of large antennae on your head. (SInv)
Your four strong arms can wield two-handed weapons with a shield.


Message History

You completely miss the kobold. You completely miss the kobold.
Your talons disappear.
The kobold hits you with a +0 short sword.
You barely miss the kobold.
The kobold hits you with a +0 short sword.
Casting: Beastly Appendage (safe; 11% risk of failure)
Confirm with . or Enter, or press ? or * to list all spells.
Your feet morph into talons.
The kobold hits you with a +0 short sword.
* * * LOW HITPOINT WARNING * * *
You closely miss the kobold.
The kobold hits you with a +0 short sword.
* * * LOW HITPOINT WARNING * * *
Your transformation is almost over.
Your talons disappear.
You see here a rat skeleton.
The ice dragon roars deafeningly!
There is an open door here.
There is an escape hatch in the floor here.
You open the door.
The kobold hits you with a +0 short sword.
* * * LOW HITPOINT WARNING * * *
There is an open door here.
The ball python bites you but does no damage.
The ball python misses you.
You see here a rat skeleton.
The ball python bites you.
* * * LOW HITPOINT WARNING * * *
The ball python barely misses you.
Press: ? - help, v - describe, . - travel
Here: a ball python The floor.
Are you sure you want to shaft yourself?
The ball python bites you.
* * * LOW HITPOINT WARNING * * *
The ball python closely misses you.
You begin to dig a shaft.
You continue digging a shaft.
The ball python bites you.
You die...

#######.#########.#
##### #.## #.#
#X#X# #..# #.#
########.# #.#
....#*##'## #.#
###.###...### #.#
#X#.....>.#D# #.#
#######...#######.#
#D#D##'##...KS@.#
######.##รท#######
#######.......#
......#.#.#..##
......#.#.#..##
###..####.#...#
###.....#.#...#
......#.#.#...#
..........#...#


You could see a ball python and a kobold.

Vanquished Creatures
  An endoplasm (D:1)
  A goblin (D:1)
  A frilled lizard (D:1)
  A rat (D:1)
4 creatures vanquished.

Notes
Turn   | Place    | Note
-------+----------+-------------------------------------------
     0 | D:1      | Lavandula the Formicid Transmuter began the quest for the
                  | Orb.
     0 | D:1      | Reached XP level 1. HP: 15/15 MP: 3/3
     0 | D:1      | Noticed a tentacled monstrosity
     1 | D:1      | Noticed an ice dragon
     3 | D:1      | Noticed a shadow dragon
     6 | D:1      | Noticed an orb of fire
     9 | D:1      | Noticed a shadow dragon
    11 | D:1      | Noticed an orb of fire
    11 | D:1      | Noticed an orb of fire
    13 | D:1      | Noticed an orb of fire
    15 | D:1      | Noticed an orb of fire
    15 | D:1      | Noticed an orb of fire
    17 | D:1      | Noticed a large abomination
    17 | D:1      | Noticed a tentacled monstrosity
    17 | D:1      | Noticed an ice dragon
    19 | D:1      | Noticed a large abomination
    19 | D:1      | Noticed an ice dragon
    21 | D:1      | Noticed a golden dragon
   413 | D:1      | Slain by a ball python

Illustrated notes

Levels and vault maps discovered:
D:1:      shiori_arrival_whats_in_store_for_you, layout_basic,
          grunt_decor_clamped

Action                   || total
-------------------------++-------
Melee: Unarmed           ||    23
       Kick              ||     1
       Punch             ||     1
 Cast: Beastly Appendage ||     4
 Abil: Shaft Self        ||     1
 Stab: Sleeping          ||     1
Armor: Robe              ||     4
Dodge: Dodged            ||    10

Table legend: (Time is in decaauts)
 A = Elapsed time spent in this place.
 B = Non-inter-level travel time spent in this place.
 C = Inter-level travel time spent in this place.
 D = Time resting spent in this place.
 E = Time spent auto-exploring this place.
 F = Levels seen in this place.
 G = Mean time per level.
                   A        B        C        D        E       F      G
               +--------+--------+--------+--------+--------+-----+--------+
         Total |    411 |    411 |      0 |      0 |    281 |   1 |  411.0 |
       Dungeon |    411 |    411 |      0 |      0 |    281 |   1 |  411.0 |
               +--------+--------+--------+--------+--------+-----+--------+

Top non-repeatable levels by time:
     D:1: 411 daAuts
